 Dungeon Crawl Stone Soup version 0.31.0-11-ge490571c62 (webtiles) character file.

Game seed: 8859117918287235609

178736 octoduck the Champion of Chaos (level 17, -10/135 HPs)
             Began as a Gnoll Conjurer on Jan 25, 2024.
             Was the Champion of Makhleb.
             Mangled by a vampire knight
             ... wielding a +0 dire flail
              (25 damage)
             ... on level 15 of the Dungeon on Feb 1, 2024.
             The game lasted 03:43:48 (51018 turns).

octoduck the Champion of Chaos (Gnoll Conjurer)    Turns: 51018, Time: 03:43:48

Health: -10/135    AC: 19    Str: 18    XL:     17   Next: 88%
Magic:  25/34      EV: 16    Int: 21    God:    Makhleb [******]
Gold:   670        SH: 12    Dex: 13    Spells: 16/42 levels left

rFire   + . .        z - +3 demon trident (flame)
rCold   + . .        F - +0 kite shield {reflect}
rNeg    . . .        E - +2 leather armour {rF+}
rPois   +            s - +1 helmet
rElec   .            o - +2 cloak {rCorr}
rCorr   +            M - +2 pair of gloves
SInv    .            e - +2 pair of boots {Stlth+}
Will    +....        w - amulet of Lady Luck {^Fragile +Inv rC+ Regen+ Dex+3}
Stlth   ++++++       A - ring of poison resistance
HPRegen 1.22/turn    t - +6 ring of strength
MPRegen 0.24/turn

%: reflection
@: hasted, very quick
A: fangs 1, strong nose, distributed training
}: 1/15 runes: decaying
a: Renounce Religion, Evoke Invisibility, Minor Destruction, Lesser Servant of
Makhleb, Major Destruction, Greater Servant of Makhleb


You were on level 15 of the Dungeon.
You worshipped Makhleb.
Makhleb was exalted by your worship.
You visited 4 branches of the dungeon, and saw 26 of its levels.
You also visited: Ossuary, Bailey and Volcano.

You collected 2542 gold pieces.
You spent 1872 gold pieces at shops.

Inventory:

Hand Weapons
 z - a +3 demon trident of flaming (weapon)
 C - the +9 spear of Thoughtfulness {freeze, rPois rN+ Str+2 Stlth-}
   (You found it on level 4 of the Lair of Beasts)

   Str+2:     It affects your strength (+2).
   rPois:     It protects you from poison rN+: It protects you from negative
   energy.
   Stlth-:    It makes you less stealthy.
Missiles
 m - 6 throwing nets
 D - 10 curare-tipped darts
Armour
 e - a +2 pair of boots of stealth (worn)
 o - a +2 cloak of preservation (worn)
 s - a +1 helmet (worn)
 E - a +2 leather armour of fire resistance (worn)
 F - a +0 kite shield of reflection (worn)
 M - a +2 pair of gloves (worn)
 Q - a +1 leather armour of cold resistance
Jewellery
 a - a +4 ring of protection
 l - a ring of willpower
 p - a ring of protection from fire
 t - a +6 ring of strength (right hand)
 w - the amulet of Lady Luck (around neck) {^Fragile +Inv rC+ Regen+ Dex+3}
   (You acquired it on level 14 of the Dungeon)

   [amulet of regeneration]

   Dex+3:     It affects your dexterity (+3).
   rC+:       It protects you from cold.
   +Inv:      It lets you turn invisible.
   Regen+:    It increases your rate of health regeneration.
   ^Fragile:  It will be destroyed if unequipped.
 A - a ring of poison resistance (left hand)
 X - a ring of see invisible
Talismans
 f - a serpent talisman
Wands
 u - a wand of acid (3)
 y - a wand of charming (46)
 J - a wand of mindburst (22)
 N - a wand of polymorph (22)
 R - a wand of iceblast (23)
 S - a wand of flame (35)
Scrolls
 b - 2 scrolls of revelation
 c - a scroll of amnesia
 g - a scroll of silence
 h - 2 scrolls of noise
 k - 4 scrolls of teleportation
 q - 4 scrolls of enchant armour
 x - 5 scrolls of fog
 H - a scroll of poison
 I - 2 scrolls of torment
 K - 4 scrolls of vulnerability
 O - a scroll of summoning
 U - 4 scrolls of identify
 W - 2 scrolls of brand weapon
 Y - a scroll of blinking
 Z - a scroll of immolation
Potions
 d - 13 potions of curing
 i - a potion of invisibility
 j - 3 potions of brilliance
 r - 4 potions of attraction
 v - 3 potions of resistance
 G - 4 potions of haste
 L - 6 potions of might
 P - a potion of mutation
Miscellaneous
 n - a phial of floods
 B - a sack of spiders
 T - a lightning rod (4/4)
 V - a phantom mirror


   Skills:
 + Level 12.4 Fighting
 + Level 12.4 Short Blades
 + Level 12.4 Long Blades
 + Level 12.4 Axes
 + Level 12.4 Maces & Flails
 + Level 12.4 Polearms
 + Level 12.4 Staves
 + Level 12.4 Ranged Weapons
 + Level 12.4 Throwing
 + Level 12.4 Armour
 + Level 13.1 Dodging
 + Level 13.0 Stealth
 + Level 12.4 Shields
 + Level 12.4 Unarmed Combat
 + Level 13.3 Spellcasting
 + Level 12.5 Conjurations
 + Level 10.5 Hexes
 + Level 10.5 Summonings
 + Level 10.5 Necromancy
 + Level 10.5 Translocations
 + Level 10.5 Fire Magic
 + Level 10.5 Ice Magic
 + Level 10.5 Air Magic
 + Level 10.5 Earth Magic
 + Level 10.5 Alchemy
 + Level 13.4 Invocations
 + Level 12.4 Evocations
 + Level 11.4 Shapeshifting


You had 16 spell levels left.
You knew the following spells:

 Your Spells              Type           Power      Damage    Failure   Level
a - Magic Dart            Conj           100%       1d8       1%          1
b - Stone Arrow           Conj/Erth      100%       3d13      1%          3
c - Fulminant Prism       Conj/Alch      29%        3d14      1%          4
d - Iskenderun's Mystic   Conj/Tloc      58%        2d12      1%          4
e - Searing Ray           Conj           100%       2d8       1%          2
f - Summon Lightning Spi  Summ/Air       55%        N/A       1%          4
g - Lee's Rapid Deconstr  Erth           27%        3d15*     3%          5
h - Teleport Other        Tloc           55%        N/A       1%          3

Your spell library contained the following spells:

 Spells                   Type           Power      Damage    Failure   Level
 Necrotise                Necr           100%       1d9       1%          1
 Lesser Beckoning         Tloc           100%       N/A       1%          2
 Gell's Gravitas          Tloc           55%        N/A       1%          3
 Tukima's Dance           Hex            55%        N/A       1%          3
 Vampiric Draining        Necr           55%        2d9       1%          3
 Animate Armour           Summ/Erth      100%       N/A       1%          4
 Leda's Liquefaction      Alch/Erth      27%        N/A       1%          4
 Martyr's Knell           Necr/Summ      55%        N/A       1%          4
 Sticky Flame             Fire/Alch      55%        2d10      1%          4
 Curse of Agony           Necr           55%        N/A       3%          5
 Lehudib's Crystal Spear  Conj/Erth      29%        10d8      99%         8


Dungeon Overview and Level Annotations

Branches:
Dungeon (15/15)            Temple (0/1) D:4            Lair (5/5) D:8
  Swamp (4/4) Lair:2       Spider (0/4) Lair:2        Slime (0/5) Lair:4
    Orc (2/2) D:9             Elf (0/3) Orc:2        Vaults (0/5) D:13
 Depths (0/4) D:15        Ossuary (visited)          Bailey (visited)
Volcano (visited)

Altars:
Kikubaaqudgha
Makhleb
Qazlal
Uskayaw
Wu Jian
Xom
Yredelemnul
Jiyva

Shops:
D:13 [   Orc:2 *(*:

Portals:
Pandemonium: Orc:2

Annotations:
D:15 exclusion: 2 doors
Lair:3 2 runed translucent doors, Aneyh's ghost, journeyman TeMo
Lair:5 3 runed translucent doors, dave1331's ghost, journeyman HOFi
Swamp:1 2 transporters, exclusion: orange crystal statue
Swamp:2 Louise; Roxanne


Innate Abilities, Weirdness & Mutations

You have very sharp teeth.
Your uncanny sense of smell can sniff out nearby items.
Your experience applies equally to all skills.


Message History

Your lightning spire shoots out a bolt of lightning at the vampire knight!
The bolt of electricity hits the vampire knight.
The vampire knight hits your lightning spire with a +0 dire flail!!
The vampire knight bites your lightning spire.
You hit the vampire knight. You burn the vampire knight.
The vampire knight is almost destroyed.
The vampire knight gestures wildly while chanting.
The vampire knight flickers and vanishes!
Deactivating autopickup; reactivate with Ctrl-A.
You barely miss something. Something draws life force from you!!
Unknown command.
You closely miss something. You block something's attack.
Something barely misses you. Something hits you.
Something bites you but does no damage.
You closely miss something. Something hits you!! You block something's attack.
You puncture something! You burn something.
Something draws life force from you!!
Casting: Summon Lightning Spire (mildly dangerous; 1% risk of failure)
Confirm with . or Enter, or press ? or * to list all spells.
Aiming: Stone Arrow (safe; 1% risk of failure)
Press: ? - help, Shift-Dir - straight line The stone arrow hits something.
Something hits you!!
* * * LOW HITPOINT WARNING * * *
Something bites you.
* * * LOW HITPOINT WARNING * * *
Something draws strength from your injuries!
Casting: Stone Arrow (safe; 1% risk of failure)
Confirm with . or Enter, or press ? or * to list all spells.
Aiming: Stone Arrow (safe; 1% risk of failure)
Press: ? - help, Shift-Dir - straight line The stone arrow hits something.
Something hits you!!
* * * LOW HITPOINT WARNING * * *
Something bites you.
* * * LOW HITPOINT WARNING * * *
Something draws strength from your injuries!
You block something's attack. x2
You feel yourself speed up. Something barely misses you.
Something bites you but does no damage. Something hits you!!
You die...

⌠P≈##..##.#'#)#...##.............
.P≈##......#......#######........
~≈≈##.#.#.####)#.#########....).#
######'#'##.#'#'###.....##..#))##
.####.#.#.#....###...#.†##......#
...#..(...#.,*#.#'#.###.##.#.#..#
#.#'#...#.#/.#.#.#...#..##...)).#
#..#......#...##.'#.....##..#..##
#.#'#.#...#...8.@##.#.#.##......#
...#......##?.[{..##'#'###.#.#..#
#.########'########.#.#.##.......
'##......##......#......##..#.##.
#.#[..#.###..#..#)#.##..##.......
..#..†##..#.###..#..#.#..#.#.#..#
#.#.##)##.#..#..#)#..##.##......#
..#..##...#......#......##..#..##
..#.#.#.#'#.#.#.#####.####......#


You could see a friendly lightning spire (summoned).

Vanquished Creatures
  Nikola (Swamp:3)
  Jorgrun (D:12)
  2 tentacled monstrosities
  A storm dragon (D:15)
  Donald (Lair:2)
  2 eleionomae
  3 bunyips
  A shambling mangrove (Swamp:1)
  Harold (D:9)
  A fire dragon (Volcano)
  Josephine (D:13)
  18 hydras
  7 ogre magi
  A spriggan air mage (Swamp:2)
  3 ghost crabs
  2 alligators (Swamp:2)
  2 demonspawn (Orc:2)
  2 catoblepae
  8 centaur warriors
  4 boulder beetles
  3 two-headed ogres
  4 death yaks
  5 orc high priests (Orc:2)
  A vampire mage (Swamp:4)
  A tengu warrior (D:14)
  5 spriggans
  A deep elf knight (D:15)
  Nergalle (D:10)
  Sonja (D:11)
  2 sun demons (Volcano)
  5 skysharks
  3 skeletal warriors
  A sixfirhy (Orc:2)
  4 goliath frogs
  A flayed ghost (D:15)
  3 spriggan druids
  6 swamp dragons
  A bog body (Swamp:1)
  A lindwurm (Lair:3)
  3 deep elf pyromancers
  A necromancer (D:14)
  An arcanist (D:11)
  A deep elf zephyrmancer (D:15)
  5 orc knights
  An oklob plant (Lair:1)
  2 manticores
  5 orc sorcerers (Orc:2)
  Maurice (D:7)
  11 ugly things
  4 cyclopes
  3 will-o-the-wisps
  5 black mambas
  4 elephants (Lair:5)
  A kobold blastminer (Orc:2)
  A centaur zombie (D:15)
  A rust devil (Orc:2)
  4 centaur skeletons
  2 gargoyles
  A rime drake (Lair:3)
  11 cane toads
  Jeremiah (D:8)
  A kobold demonologist (D:9)
  5 komodo dragons
  A tengu conjurer (D:14)
  4 yaktaurs (D:15)
  A freezing wraith (D:15)
  An efreet (D:15)
  A polar bear (Lair:3)
  3 trolls
  3 tyrant leeches
  A bloated husk (Swamp:1)
  A polar bear (shapeshifter) (D:15)
  10 hornets
  A dream sheep (Lair:5)
  13 blink frogs
  A spectral black mamba (Lair:2)
  3 centaur simulacra (D:15)
  A vampire (Bailey)
  8 slime creatures
  A shadow (D:10)
  4 wraiths
  3 wyverns
  40 yaks
  A spectral komodo dragon (Lair:2)
  6 basilisks
  A redback (D:15)
  A basilisk (shapeshifter) (D:14)
  3 wargs
  2 steam dragons (Volcano)
  Menkaure (D:4)
  2 vampire mosquitoes (Swamp:1)
  2 acid dragons
  12 water moccasins
  A spectral cane toad (Lair:2)
  8 swamp worms
  2 hell hounds (Volcano)
  A spectral polar bear (Lair:2)
  36 orc warriors
  5 swamp drakes
  A laughing skull (D:15)
  2 ice beasts
  2 black bears (D:8)
  10 ogres
  6 wolves
  14 centaurs
  2 elf zombies (Ossuary)
  A weeping skull (Ossuary)
  8 kobold brigands
  14 bullfrogs
  4 gnoll sergeants
  2 scorpions
  8 killer bees
  6 wolf zombies (Bailey)
  8 vampire bats (Bailey)
  2 bombardier beetles
  A crimson imp (D:11)
  2 human zombies (Ossuary)
  A gnoll bouda (D:7)
  6 jellies
  Crazy Yiuf (D:3)
  18 orc priests
  3 hounds
  6 hell rats
  2 sleepcaps
  17 orc wizards
  A crocodile zombie (Ossuary)
  3 hound zombies (Ossuary)
  4 mummies
  Robin (D:3)
  9 adders
  32 gnolls
  3 river rats (Lair:4)
  4 shadow imps
  A white imp (D:6)
  7 adder zombies (Ossuary)
  5 ribbon worms
  3 dart slugs
  68 orcs
  5 ball pythons
  6 endoplasms
  6 giant cockroaches
  19 goblins
  8 hobgoblins
  6 quokkas
  4 ball python zombies (Ossuary)
  5 bats
  3 frilled lizards
  A goblin zombie (D:4)
  3 jackal zombies (Ossuary)
  18 kobolds
  5 kobold zombies (Ossuary)
  25 orc zombies
  12 rats
785 creatures vanquished.

Vanquished Creatures (collateral kills)
  Rupert (D:12)
  A thorn hunter (Swamp:4)
  The ghost of Matygoc the Slicer, an adept HaSk of Okawaru (Swamp:4)
  A fenstrider witch (Swamp:3)
  A dire elephant (Lair:5)
  An eleionoma (Swamp:2)
  A bunyip (Swamp:4)
  5 hydras
  A rakshasa (D:15)
  4 two-headed ogres
  A ghost crab (Lair:2)
  A demonspawn (Orc:2)
  2 alligators (Swamp:4)
  3 boulder beetles
  An ogre mage (D:15)
  Erica (D:8)
  3 centaur warriors (D:15)
  2 death yaks (Lair:5)
  An orc high priest (Orc:2)
  A goliath frog (Swamp:2)
  A spriggan druid (Swamp:3)
  A skeletal warrior (D:13)
  An arcanist (D:15)
  2 swamp dragons
  A lindwurm (Lair:5)
  2 deep elf pyromancers (D:15)
  A phantasmal warrior (D:15)
  4 ugly things
  2 orc sorcerers (Orc:2)
  2 manticores (Lair:5)
  A will-o-the-wisp (Lair:2)
  3 cyclopes
  An elephant (Lair:5)
  A guardian serpent (shapeshifter) (D:15)
  A centaur skeleton (D:13)
  A black mamba (Lair:5)
  2 cane toads (Lair:5)
  A kobold demonologist (D:13)
  3 yaktaurs (D:15)
  2 rime drakes (Lair:5)
  A freezing wraith (D:15)
  3 tyrant leeches
  2 hornets
  A blink frog (Lair:5)
  3 slime creatures
  A spriggan (Swamp:2)
  A wraith (D:13)
  5 yaks
  A human (shapeshifter) (D:15)
  2 basilisks (D:15)
  A redback simulacrum (D:15)
  4 vampire mosquitoes
  7 swamp worms
  3 orc warriors (Orc:1)
  4 swamp drakes (Swamp:4)
  4 centaurs (D:13)
  2 ogres
  2 gnolls (D:5)
113 creatures vanquished.

Vanquished Creatures (others)
  2 bloated husks
  A dream sheep (Lair:5)
  A yak (D:8)
  26 foxfires
  453 fulminant prisms
483 creatures vanquished.

Grand Total: 1381 creatures vanquished

Notes
Turn   | Place    | Note
-------+----------+-------------------------------------------
     0 | D:1      | octoduck the Gnoll Conjurer began the quest for the Orb.
     0 | D:1      | Reached XP level 1. HP: 13/13 MP: 6/6
   183 | D:1      | Reached XP level 2. HP: 19/19 MP: 4/7
   186 | D:1      | Learned a level 2 spell: Searing Ray
   472 | D:1      | Found a faded altar of an unknown god.
  1063 | D:2      | Reached skill level 5 in Spellcasting
  1063 | D:2      | Reached XP level 3. HP: 25/25 MP: 2/9
  1150 | D:2      | Reached skill level 1 in Invocations
  1240 | D:2      | Reached skill level 1 in Fighting
  1240 | D:2      | Reached skill level 1 in Short Blades
  1240 | D:2      | Reached skill level 1 in Long Blades
  1240 | D:2      | Reached skill level 1 in Axes
  1240 | D:2      | Reached skill level 1 in Maces & Flails
  1240 | D:2      | Reached skill level 1 in Polearms
  1240 | D:2      | Reached skill level 1 in Staves
  1240 | D:2      | Reached skill level 1 in Ranged Weapons
  1240 | D:2      | Reached skill level 1 in Throwing
  1240 | D:2      | Reached skill level 1 in Armour
  1240 | D:2      | Reached skill level 1 in Shields
  1240 | D:2      | Reached skill level 1 in Unarmed Combat
  1240 | D:2      | Reached skill level 1 in Evocations
  1440 | D:2      | Reached skill level 1 in Shapeshifting
  1440 | D:2      | Reached XP level 4. HP: 32/32 MP: 3/11
  1796 | D:2      | Reached skill level 1 in Hexes
  1796 | D:2      | Reached skill level 1 in Summonings
  1796 | D:2      | Reached skill level 1 in Necromancy
  1796 | D:2      | Reached skill level 1 in Translocations
  1796 | D:2      | Reached skill level 1 in Fire Magic
  1796 | D:2      | Reached skill level 1 in Ice Magic
  1796 | D:2      | Reached skill level 1 in Air Magic
  1796 | D:2      | Reached skill level 1 in Earth Magic
  1796 | D:2      | Reached skill level 1 in Alchemy
  2350 | D:2      | Learned a level 4 spell: Fulminant Prism
  2355 | D:2      | Learned a level 4 spell: Iskenderun's Mystic Blast
  2356 | D:3      | Noticed Robin
  2387 | D:3      | Reached XP level 5. HP: 37/37 MP: 7/12
  2927 | D:3      | Found a burning altar of Makhleb.
  3009 | D:3      | Became a worshipper of Makhleb the Destroyer
  3346 | D:3      | Killed Robin
  3512 | D:3      | Reached XP level 6. HP: 44/44 MP: 11/13
  3738 | D:3      | Found a runed translucent door.
  3739 | D:3      | Noticed Crazy Yiuf
  3852 | D:4      | Found a staircase to the Ecumenical Temple.
  3980 | D:4      | Found a sand-covered staircase.
  3985 | D:4      | Reached skill level 5 in Dodging
  4014 | Ossuary  | Entered an ossuary
  4089 | Ossuary  | Reached * piety under Makhleb
  4243 | Ossuary  | Reached XP level 7. HP: 39/50 MP: 1/15
  4775 | Ossuary  | Reached skill level 5 in Stealth
  5519 | D:4      | Reached ** piety under Makhleb
  5809 | D:4      | Noticed Menkaure
  6164 | D:5      | Entered Level 5 of the Dungeon
  6485 | D:5      | Reached XP level 8. HP: 58/58 MP: 7/16
  6747 | D:5      | Found an ornate altar of the Wu Jian Council.
  6764 | D:5      | Found a hide-covered altar of Uskayaw.
  6764 | D:5      | Found a stormy altar of Qazlal.
  8840 | D:3      | Killed Crazy Yiuf
  9114 | D:7      | Noticed a hornet
  9314 | D:7      | Reached XP level 9. HP: 53/65 MP: 11/18
  9458 | D:7      | Noticed Maurice
  9465 | D:7      | Maurice stole a +2 mace of holy wrath
  9471 | D:7      | Killed Maurice
  9991 | D:7      | Identified the +0 cloak of the Vaults {*Slow rF+ Str+5}
 10050 | D:7      | Reached *** piety under Makhleb
 10288 | D:7      | Reached skill level 5 in Invocations
 10756 | D:8      | Found a shimmering altar of Xom.
 11096 | D:8      | Identified the +5 scale mail of the Will of the Gods {-Tele
                  | Harm Rampage Dex+9}
 11434 | D:8      | Noticed a komodo dragon
 11510 | D:8      | Reached skill level 5 in Fighting
 11510 | D:8      | Reached skill level 5 in Short Blades
 11510 | D:8      | Reached skill level 5 in Long Blades
 11510 | D:8      | Reached skill level 5 in Axes
 11510 | D:8      | Reached skill level 5 in Maces & Flails
 11510 | D:8      | Reached skill level 5 in Polearms
 11510 | D:8      | Reached skill level 5 in Staves
 11510 | D:8      | Reached skill level 5 in Ranged Weapons
 11510 | D:8      | Reached skill level 5 in Throwing
 11510 | D:8      | Reached skill level 5 in Armour
 11510 | D:8      | Reached skill level 5 in Shields
 11510 | D:8      | Reached skill level 5 in Unarmed Combat
 11510 | D:8      | Reached skill level 5 in Evocations
 11510 | D:8      | Reached XP level 10. HP: 73/74 MP: 10/20
 11828 | D:8      | Found a staircase to the Lair.
 12142 | D:8      | Noticed Erica
 12602 | D:4      | Killed Menkaure
 13121 | D:9      | Found a staircase to the Orcish Mines.
 13143 | D:9      | Reached skill level 5 in Shapeshifting
 13379 | D:9      | Noticed Jeremiah
 13392 | D:9      | Reached **** piety under Makhleb
 13818 | D:9      | Noticed a kobold demonologist
 13820 | D:9      | Noticed Harold
 13921 | Lair:1   | Entered Level 1 of the Lair of Beasts
 14084 | Lair:1   | Noticed an oklob plant
 14203 | Lair:1   | Noticed a cane toad
 14223 | Lair:1   | Killed a cane toad
 14534 | Lair:1   | Noticed a cane toad
 14545 | Lair:1   | Killed a cane toad
 15063 | Lair:1   | Noticed a black mamba
 15067 | Lair:1   | Killed a black mamba
 15478 | Lair:1   | Killed an oklob plant
 15479 | Lair:1   | Reached skill level 5 in Hexes
 15479 | Lair:1   | Reached skill level 5 in Summonings
 15479 | Lair:1   | Reached skill level 5 in Necromancy
 15479 | Lair:1   | Reached skill level 5 in Translocations
 15479 | Lair:1   | Reached skill level 5 in Fire Magic
 15479 | Lair:1   | Reached skill level 5 in Ice Magic
 15479 | Lair:1   | Reached skill level 5 in Air Magic
 15479 | Lair:1   | Reached skill level 5 in Earth Magic
 15479 | Lair:1   | Reached skill level 5 in Alchemy
 15479 | Lair:1   | Reached XP level 11. HP: 81/81 MP: 5/22
 15979 | Lair:2   | Noticed a boulder beetle
 15987 | Lair:2   | Found a hole to the Spider Nest.
 16608 | Lair:2   | Noticed a skyshark
 16631 | Lair:1   | Upgraded the game from 0.31.0-9-g3a7656b989 to
                  | 0.31.0-10-gcf4a605ca0
 16706 | D:8      | Killed Jeremiah
 17071 | D:9      | Noticed a deep elf pyromancer
 17081 | D:9      | Killed a deep elf pyromancer
 17818 | D:9      | Found an ancient bone altar of Kikubaaqudgha.
 17944 | D:9      | Killed Harold
 18379 | D:10     | Entered Level 10 of the Dungeon
 18603 | D:9      | Reached ***** piety under Makhleb
 18651 | D:10     | Found a flagged portal.
 18736 | Bailey   | Entered a bailey
 19096 | Bailey   | Identified the +0 robe "Zopopori" {rC+}
 19621 | Bailey   | Identified the +0 chain mail of Poor Excuses {Rampage
                  | *Corrode Dex+5}
 20267 | D:10     | Noticed Nergalle
 20297 | D:10     | Reached XP level 12. HP: 91/91 MP: 17/24
 20298 | D:10     | Noticed a two-headed ogre
 20470 | D:10     | Killed a two-headed ogre
 20828 | D:10     | Killed Nergalle
 20980 | D:10     | Noticed a boulder beetle
 21905 | Lair:1   | Killed a skyshark
 22248 | Lair:2   | Noticed a skyshark
 22268 | Lair:2   | Killed a skyshark
 22338 | Lair:2   | Killed a boulder beetle
 22727 | Lair:2   | Noticed a ghost crab
 22739 | Lair:2   | Killed a ghost crab
 22875 | Lair:2   | Found a staircase to the Swamp.
 22876 | Lair:2   | Noticed a ghost crab
 23095 | Lair:3   | Noticed an eight-headed hydra
 23113 | Lair:3   | Noticed an eight-headed hydra
 23114 | Lair:3   | Killed an eight-headed hydra
 23294 | Lair:3   | Killed an eight-headed hydra
 23465 | Lair:3   | Found a runed translucent door.
 23599 | Lair:3   | Reached XP level 13. HP: 98/98 MP: 18/26
 23726 | Lair:3   | Found a runed translucent door.
 23726 | Lair:3   | Found a shimmering altar of Xom.
 23727 | Lair:3   | Noticed Aneyh's ghost (journeyman TeMo)
 23775 | Lair:3   | Reached skill level 10 in Conjurations
 23861 | Lair:3   | Got the Handbook of the Star-crossed Elixir
 25165 | Lair:3   | Reached ****** piety under Makhleb
 25380 | Lair:4   | Reached skill level 10 in Spellcasting
 25600 | Lair:4   | Identified the +9 spear of Thoughtfulness {freeze, rPois
                  | rN+ Str+2 Stlth-}
 25990 | Orc:1    | Entered Level 1 of the Orcish Mines
 26432 | Orc:2    | Entered Level 2 of the Orcish Mines
 26487 | Orc:2    | Found a dark tunnel.
 26496 | Volcano  | Entered a volcano
 26596 | Volcano  | Reached skill level 10 in Dodging
 26850 | Volcano  | Noticed a fire dragon
 26895 | Volcano  | Killed a fire dragon
 27890 | Orc:2    | Reached skill level 10 in Stealth
 28256 | Orc:2    | Found a staircase to the Elven Halls.
 28649 | Orc:2    | Found Aczuir's General Store.
 28803 | Orc:2    | Reached XP level 14. HP: 108/108 MP: 7/28
 28856 | Orc:2    | Found Xeseg's General Store.
 28880 | Orc:2    | Reached skill level 10 in Invocations
 28916 | Orc:2    | Bought a scroll of revelation for 120 gold pieces
 30090 | Orc:2    | Paralysed by an orc sorcerer for 5 turns
 30478 | Orc:2    | Found Ehecra's Antique Weapon Emporium.
 30478 | Orc:2    | Found Qugyly's Book Shoppe.
 30479 | Orc:2    | Found a one-way gate leading to the halls of Pandemonium.
 30489 | Orc:2    | Bought a book of Displacement for 264 gold pieces
 30489 | Orc:2    | Bought a book of Armaments for 432 gold pieces
 30493 | Orc:2    | Learned a level 3 spell: Stone Arrow
 30493 | Orc:2    | Bought a book of Iron for 384 gold pieces
 30498 | Orc:2    | Learned a level 4 spell: Summon Lightning Spire
 30504 | Orc:2    | Learned a level 5 spell: Lee's Rapid Deconstruction
 30504 | Orc:2    | Upgraded the game from 0.31.0-10-gcf4a605ca0 to
                  | 0.31.0-11-ge490571c62
 30871 | Lair:4   | Found a viscous altar of Jiyva.
 30872 | Lair:4   | Found a staircase to the Slime Pits.
 31347 | Lair:5   | Entered Level 5 of the Lair of Beasts
 31574 | Lair:5   | Noticed dave1331's ghost (journeyman HOFi)
 31575 | Lair:5   | Found a runed translucent gate.
 31577 | Lair:5   | Found a runed translucent gate.
 31577 | Lair:5   | Found a runed translucent gate.
 32567 | Lair:5   | Reached skill level 10 in Fighting
 32567 | Lair:5   | Reached skill level 10 in Short Blades
 32567 | Lair:5   | Reached skill level 10 in Long Blades
 32567 | Lair:5   | Reached skill level 10 in Axes
 32567 | Lair:5   | Reached skill level 10 in Maces & Flails
 32567 | Lair:5   | Reached skill level 10 in Polearms
 32567 | Lair:5   | Reached skill level 10 in Staves
 32567 | Lair:5   | Reached skill level 10 in Ranged Weapons
 32567 | Lair:5   | Reached skill level 10 in Throwing
 32567 | Lair:5   | Reached skill level 10 in Armour
 32567 | Lair:5   | Reached skill level 10 in Shields
 32567 | Lair:5   | Reached skill level 10 in Unarmed Combat
 32567 | Lair:5   | Reached skill level 10 in Evocations
 32886 | Lair:5   | Reached XP level 15. HP: 115/115 MP: 13/30
 33338 | D:8      | Killed Erica
 34039 | D:11     | Noticed Sonja
 34043 | D:11     | Killed Sonja
 34201 | D:11     | Learned a level 3 spell: Teleport Other
 34556 | D:12     | Noticed Jorgrun
 34572 | D:12     | Killed Jorgrun
 34686 | D:12     | Noticed Rupert
 34724 | D:12     | Killed Rupert
 36401 | D:13     | Noticed Josephine
 36408 | D:13     | Killed Josephine
 36457 | D:13     | Found Saxziumm's Armour Shop.
 36935 | D:13     | Found a gate to the Vaults.
 37324 | Orc:2    | Bought a sack of spiders for 560 gold pieces
 37836 | D:14     | Identified a scroll of acquirement
 37891 | D:14     | Acquired the amulet of Lady Luck {^Fragile +Inv rC+ Regen+
                  | Dex+3}
 38512 | D:14     | Reached skill level 10 in Shapeshifting
 38641 | D:15     | Entered Level 15 of the Dungeon
 39262 | Swamp:1  | Entered Level 1 of the Swamp
 39262 | Swamp:1  | Noticed Donald
 39282 | Lair:2   | Killed Donald
 39283 | Lair:2   | Reached XP level 16. HP: 61/124 MP: 4/32
 39907 | Swamp:1  | Found a transporter.
 39909 | Swamp:1  | Noticed a tentacled monstrosity
 40285 | Swamp:1  | Noticed a thorn hunter
 40286 | Swamp:1  | Noticed a thorn hunter
 40290 | Swamp:1  | Found a transporter.
 40298 | Swamp:1  | Noticed a tentacled monstrosity
 40970 | Swamp:2  | Noticed Roxanne
 41380 | Swamp:2  | Noticed Louise
 41430 | Swamp:3  | Noticed a fenstrider witch
 41437 | Swamp:3  | Killed a fenstrider witch
 42487 | Swamp:3  | Noticed Nikola
 42493 | Swamp:3  | Noticed a tentacled monstrosity
 42575 | Swamp:3  | Killed a tentacled monstrosity
 42701 | Swamp:3  | Killed Nikola
 43184 | Swamp:4  | Entered Level 4 of the Swamp
 44212 | Swamp:4  | Noticed a thorn hunter
 44607 | Swamp:4  | Killed a thorn hunter
 44982 | Swamp:4  | Found a large runed translucent door.
 44982 | Swamp:4  | Found a large runed translucent door.
 45407 | Swamp:4  | HP: 4/103 [swamp worm (11)]
 45469 | Swamp:4  | Noticed a tentacled monstrosity
 45480 | Swamp:4  | Killed a tentacled monstrosity
 45481 | Swamp:4  | Reached XP level 17. HP: 110/115 MP: 10/33
 46103 | Orc:2    | Bought a potion of invisibility for 112 gold pieces
 46336 | Swamp:4  | Reached skill level 10 in Hexes
 46336 | Swamp:4  | Reached skill level 10 in Summonings
 46336 | Swamp:4  | Reached skill level 10 in Necromancy
 46336 | Swamp:4  | Reached skill level 10 in Translocations
 46336 | Swamp:4  | Reached skill level 10 in Fire Magic
 46336 | Swamp:4  | Reached skill level 10 in Ice Magic
 46336 | Swamp:4  | Reached skill level 10 in Air Magic
 46336 | Swamp:4  | Reached skill level 10 in Earth Magic
 46336 | Swamp:4  | Reached skill level 10 in Alchemy
 46965 | Swamp:4  | Noticed Matygoc's ghost (adept HaSk)
 46998 | Swamp:4  | Got a decaying rune of Zot
 47455 | Swamp:4  | Killed Matygoc's ghost
 48432 | D:15     | Found a staircase to the Depths.
 48503 | D:15     | Found an ancient bone altar of Kikubaaqudgha.
 48504 | D:15     | Found a shimmering altar of Xom.
 48504 | D:15     | Found a basalt altar of Yredelemnul.
 49449 | D:15     | Paralysed by something for 3 turns
 51018 | D:15     | Mangled by a vampire knight

Illustrated notes

Levels and vault maps discovered:
D:1:      erik_arrival_triangle_medium, layout_loops_ring,
          shapermc_ecumenical_altar_notcrosses
D:2:      layout_loops_ring
D:3:      layout_rooms, overflow_temple_1_default, st_stairs_12,
          kennysheep_generic_room_11, uniq_robin, uniq_crazy_yiuf_cottage
D:4:      layout_basic, minmay_temple_entry_tees, nicolae_ossuary_entry_giza,
          uniq_menkaure
D:5:      layout_layer_cave, nzn_wu_jian_council_hall,
          gammafunk_temple_overflow_elements
D:6:      layout_basic, roderic_malta_cross, minmay_misc_feat_rows
D:7:      layout_loops_corners, uniq_maurice
D:8:      layout_basic, xom_teletrap_fun, due_lair_maze_entry_diamond,
          uniq_erica
D:9:      layout_basic, lemuel_tele_altar,
          kennysheep_orc_monster_closet_entryway, guppyfry_early_elven_hall,
          uniq_harold, uniq_jeremiah
D:10:     layout_big_octagon, enter_bailey_5, minmay_fractal_squares_gapless_7,
          uniq_nergalle
D:11:     layout_rooms, lightli_wizard_tower, uniq_sonja
D:12:     layout_loops_ring, uniq_jorgrun, uniq_rupert
D:13:     layout_irregular_city, hangedman_vaults_entry_quadrant_bands,
          serial_shops, shop, uniq_josephine
D:14:     layout_roguey, amethyst_killhole
D:15:     hangedman_slaughterboxes
Lair:1:   layout_cave_shapes
Lair:2:   layout_misc_corridors, nicolae_swamp_entry_spooky,
          spider_nest_entry_web_field, dreamdust_mushroom_princess,
          minivault_19, serial_bayou_shore_a
Lair:3:   layout_cave_pods, ebering_ghost_xom, pf_torpor_hydra
Lair:4:   layout_gridlike, nicolae_slime_entry_field_trip,
          kennysheep_abandoned_house, infiniplex_staircase_pool
Lair:5:   hangedman_lair_in_review, layout_regular_city,
          ebering_ghost_rock_garden
Swamp:1:  gammafunk_sealed_arena, layout_basic_swamp, serial_swamp_ruin,
          evilmike_swamp_ruin_rubble_2, evilmike_swamp_ruin_rubble_1,
          evilmike_swamp_ruin_house_3, swamp_pool_1_2, uniq_donald
Swamp:2:  layout_basic_swamp, nicolae_swamp_reclaimed_castle,
          nicolae_swamp_decorative_isthmus, uniq_roxanne, uniq_louise
Swamp:3:  cheibrodos_swamp_monstrosity, layout_falls_marsh,
          nicolae_swamp_dense_foliage, uniq_nikola
Swamp:4:  swamp, layout_basic_swamp, ebering_ghost_disaster_area,
          swamp_pool_1_2, cheibrodos_swamp_pet_leeches
Orc:1:    layout_caves
Orc:2:    pf_orc_diabolical, layout_caves, nicolae_volcano_entry_lava_flow,
          nicolae_orc_pool_cavern, nicolae_orc_hostile_takeover,
          nicolae_orc_lava_room

Skill      XL: |  1  2  3  4  5  6  7  8  9 10 11 12 13 14 15 16 17 |
---------------+----------------------------------------------------+-----
Spellcasting   | 5 6 7 8 9 10 11 12 13 | 13.3
Invocations    | 1 2 3 4 5 6 7 8 9 10 11 12 13 | 13.4
Fighting       | 1 2 3 5 6 7 8 9 10 11 12 | 12.4
Short Blades   | 1 2 3 5 6 7 8 9 10 11 12 | 12.4
Long Blades    | 1 2 3 5 6 7 8 9 10 11 12 | 12.4
Axes           | 1 2 3 5 6 7 8 9 10 11 12 | 12.4
Maces & Flails | 1 2 3 5 6 7 8 9 10 11 12 | 12.4
Polearms       | 1 2 3 5 6 7 8 9 10 11 12 | 12.4
Staves         | 1 2 3 5 6 7 8 9 10 11 12 | 12.4
Ranged Weapons | 1 2 3 5 6 7 8 9 10 11 12 | 12.4
Throwing       | 1 2 3 5 6 7 8 9 10 11 12 | 12.4
Armour         | 1 2 3 5 6 7 8 9 10 11 12 | 12.4
Shields        | 1 2 3 5 6 7 8 9 10 11 12 | 12.4
Unarmed Combat | 1 2 3 5 6 7 8 9 10 11 12 | 12.4
Evocations     | 1 2 3 5 6 7 8 9 10 11 12 | 12.4
Shapeshifting  | 1 2 3 4 5 6 7 8 9 10 11 | 11.4
Hexes          | 1 2 3 4 5 6 7 8 9 10 | 10.5
Summonings     | 1 2 3 4 5 6 7 8 9 10 | 10.5
Necromancy     | 1 2 3 4 5 6 7 8 9 10 | 10.5
Translocations | 1 2 3 4 5 6 7 8 9 10 | 10.5
Fire Magic     | 1 2 3 4 5 6 7 8 9 10 | 10.5
Ice Magic      | 1 2 3 4 5 6 7 8 9 10 | 10.5
Air Magic      | 1 2 3 4 5 6 7 8 9 10 | 10.5
Earth Magic    | 1 2 3 4 5 6 7 8 9 10 | 10.5
Alchemy        | 1 2 3 4 5 6 7 8 9 10 | 10.5
Dodging        | 5 6 7 8 9 10 11 12 13 | 13.1
Stealth        | 5 6 7 8 9 10 11 12 13 | 13.0
Conjurations   | 8 9 10 11 12 | 12.5

Action                     |  1- 3 |  4- 6 |  7- 9 | 10-12 | 13-15 | 16-18 || total
---------------------------+-------+-------+-------+-------+-------+-------++-------
  Melee: Short sword       |       |    40 |    16 |       |       |       ||    56
         Bite              |       |     2 |     4 |    25 |    88 |    67 ||   186
         Long sword        |       |     1 |       |       |       |       ||     1
         Hand axe          |       |       |    22 |   201 |    71 |       ||   294
         Spear             |       |       |       |       |   396 |       ||   396
         Demon trident     |       |       |       |       |    84 |   459 ||   543
   Cast: Magic Dart        |    35 |    87 |   202 |   173 |   169 |    25 ||   691
         Searing Ray       |     8 |    29 |    57 |    58 |    39 |       ||   191
         Fulminant Prism   |       |       |    15 |   142 |   238 |    58 ||   453
         Iskenderun's Myst |       |       |       |    42 |    53 |     3 ||    98
         Summon Lightning  |       |       |       |       |    66 |   123 ||   189
         Stone Arrow       |       |       |       |       |    42 |   115 ||   157
         Lee's Rapid Decon |       |       |       |       |    21 |     9 ||    30
         Teleport Other    |       |       |       |       |     3 |     8 ||    11
 Invoke: Major Destruction |       |       |       |       |     5 |     2 ||     7
         Greater Servant o |       |       |       |       |     2 |     2 ||     4
Ability: Evoke Invisibilit |       |       |       |       |       |     1 ||     1
  Evoke: Wand              |       |       |     2 |    19 |    15 |     2 ||    38
         Sack of spiders   |       |       |       |       |       |     1 ||     1
    Use: Scroll            |     2 |     4 |     9 |    10 |    11 |     6 ||    42
         Potion            |       |     2 |       |     2 |     6 |    14 ||    24
   Stab: Sleeping          |       |       |       |     5 |     5 |     2 ||    12
         Distracted        |       |       |       |       |     9 |    10 ||    19
         Petrified         |       |       |       |       |       |     1 ||     1
 Armour: Robe              |       |    52 |    92 |     2 |       |       ||   146
         Skin              |       |    30 |       |       |       |       ||    30
         Leather armour    |       |       |       |   265 |   440 |   509 ||  1214
  Dodge: Dodged            |     6 |    61 |    83 |   221 |   390 |   315 ||  1076
  Block: Buckler           |       |       |       |   171 |   255 |       ||   426
         Kite shield       |       |       |       |       |       |   378 ||   378
         Reflection        |       |       |       |       |       |    38 ||    38
